Map: Abyssal Reef LE

Players

WarKaiser

  • Race: Protoss Protoss
  • League: Gold
  • Spawn Location: 5:00

MateFeedKill - Winner!

  • Race: Zerg Zerg
  • Spawn Location: 11:00

VOD

Have the link to the VOD?

Description

Time

  • Played on: Sept. 12, 2017, 4:30 p.m.
  • Length: 11:06
Show
View Real Time Build Order
Export as new Build Order

WarKaiser Protoss 

Build Orders: Colossus Rush 

Get SALT Encoding   

  12  0:01  Probe (Chrono Boost)  
  13  0:11  Probe (Chrono Boost)  
  14  0:18  Pylon  
  14  0:25  Assimilator  
  15  0:28  Probe (Chrono Boost)  
  15  0:42  Gateway  
  15  0:49  Pylon  
  15  0:55  Probe (Chrono Boost)  
  16  1:06  Probe (Chrono Boost)  
  17  1:13  Pylon  
  17  1:16  Probe (Chrono Boost)  
  18  1:27  Probe (Chrono Boost)  
  18  1:29  Zealot  
  21  1:37  Cybernetics Core  
  21  1:43  Assimilator  
  21  1:44  Probe (Chrono Boost)  
  22  1:54  Probe (Chrono Boost)  
  23  2:02  Zealot  
  25  2:09  Probe (Chrono Boost)  
  25  2:15  Twilight Council  
  26  2:20  Mothership Core  
  28  2:31  Warp Gate (Chrono Boost)  
  28  2:37  Robotics Facility  
  28  2:59  Charge (Chrono Boost)  
  28  3:10  Pylon  
  28  3:13  Pylon  
  28  3:25  Nexus  
  28  3:44  Robotics Bay  
  28  3:46  Probe  
  29  3:58  Probe  
  30  4:08  Gateway  
  30  4:10  Gateway  
  30  4:11  Probe  
  31  4:21  Stalker  
  33  4:41  Probe  
  33  4:42  Probe  
  35  4:52  Probe  
  35  4:54  Probe  
  37  5:33  Zealot x3  
  43  5:38  Colossus  
  43  5:40  Extended Thermal Lance  
  49  5:52  Robotics Facility  
  49  6:01  Zealot x2  
  49  6:02  Zealot, Blink (Chrono Boost)  
  55  6:21  Forge  
  55  6:24  Forge  
  55  6:33  Gateway x2  
  55  6:42  Gateway  
  55  6:46  Colossus  
  61  6:54  Colossus  
  67  7:22  Zealot  
  69  7:28  Pylon  
  69  7:31  Pylon  
  69  7:35  Assimilator  
  69  7:37  Assimilator  
  69  7:43  Pylon  
  69  7:50  Zealot  
  69  7:51  Zealot x5  
  50  8:15  Zealot x3  
  50  8:16  Zealot x2  
  44  8:42  Zealot x5  
  54  8:55  Warp Prism  
  56  8:56  Colossus  
  62  9:04  Zealot  
  50  9:51  Zealot x4  
  50  9:52  Zealot  
  48  9:55  Immortal  
  52  10:17  Zealot x3  
  44  10:29  Stalker  
  31  10:50  Zealot x2  
Show
View Real Time Build Order
Export as new Build Order

MateFeedKill Zerg - Winner!

Build Orders: Hatch First 

Get SALT Encoding   

  12  0:00  Drone  
  13  0:13  Overlord  
  13  0:20  Drone  
  14  0:31  Drone, Extractor  
  14  0:32  Drone  
  15  0:40  Drone  
  16  0:47  Drone  
  17  0:59  Drone  
  18  1:12  Drone  
  18  1:14  Hatchery  
  18  1:23  Drone  
  19  1:30  Spawning Pool  
  18  1:34  Drone  
  19  1:40  Pneumatized Carapace  
  19  1:44  Drone  
  20  1:52  Overlord  
  20  2:14  Drone x2  
  22  2:16  Metabolic Boost  
  22  2:23  Queen  
  22  2:27  Drone x2  
  26  2:44  Drone  
  26  2:45  Drone x2  
  26  2:51  Drone  
  30  2:58  Queen  
  30  3:02  Lair  
  32  3:06  Extractor x2  
  32  3:09  Roach Warren, Drone x2  
  32  3:10  Drone  
  32  3:41  Drone x2  
  32  3:42  Drone  
  35  3:53  Overlord x2  
  35  4:00  Glial Reconstitution  
  35  4:05  Overlord, Drone  
  36  4:11  Queen  
  38  4:30  Evolution Chamber  
  38  4:31  Drone x4  
  41  4:55  Zerg Ground Armor Level 1  
  41  4:58  Drone  
  41  4:59  Drone x3  
  47  5:00  Roach x7  
  59  5:23  Overlord x2  
  59  5:25  Drone  
  59  5:26  Overlord x2  
  60  5:32  Burrow  
  60  5:46  Extractor  
  59  5:52  Evolution Chamber  
  58  5:59  Roach x8  
  58  6:00  Roach x5  
  84  6:07  Hatchery  
  83  6:13  Drone x2  
  83  6:17  Drone  
  86  6:52  Zerg Missile Weapons Level 1  
  86  6:53  Zerg Ground Armor Level 2  
  86  6:56  Drone x3  
  86  6:57  Drone x3  
  86  7:01  Overlord x2  
  92  7:35  Drone x3  
  92  7:36  Overlord, Drone x6  
  92  7:37  Overlord x2  
  101  7:38  Roach x8  
  101  7:48  Roach x2  
  81  8:14  Roach x9  
  81  8:24  Roach x9  
  89  8:45  Roach x3  
  85  9:11  Drone  
  85  9:12  Drone x3  
  85  9:13  Roach x5  
  85  9:14  Ravager  
  85  9:15  Ravager x11  
  111  9:20  Spire  
  111  9:21  Drone x3  
  111  9:22  Drone  
  111  9:50  Roach  
  111  9:51  Roach x12  
  137  10:00  Overlord x4  
  137  10:16  Queen  
Tags
 
League
Gold
Matchup
PvZ
Spawn Locations
Cross Positions
Add a new tag
Caveats
  • Supply blocks, unpowered buildings, or Contaminate may cause inaccurate times.
  • Supply counts are checked every 10 seconds.